[Event "Early-Titled-Tuesday-Blitz-December-26-2023"]
[Site "Chess.com"]
[Date "2023.12.26"]
[Round "3"]
[White "seopie"]
[Black "enestnrvrd"]
[Result "1-0"]
[WhiteElo "2826"]
[BlackElo "2628"]
[TimeControl "180+1"]
[EndTime "8:27:37 PST"]
[Termination "seopie won by resignation"]

1. d4 Nf6 2. c4 g6 3. Nc3 Bg7 4. e4 d6 5. Be2 O-O 6. h4 c5 7. d5 e6 8. h5 exd5 9. h6 Bh8 10. exd5 Re8 11. Bg5 Nbd7 12. Nf3 Qb6 13. Qc2 Ne5 14. O-O Bf5 15. Qd2 Ne4 16. Nxe4 Bxe4 17. Nxe5 Bxe5 18.
b3 Qb4 19. Qxb4 cxb4 20. Rad1 a5 21. Bd3 Bxd3 22. Rxd3 a4 23. Bd2 axb3 24. axb3 f5 25.
Bxb4 b6 26. g3 f4 27. Kg2 Ra2 28. Rd2 Rea8 29. Rfd1 g5 30. gxf4 gxf4 31. Rxa2 Rxa2 32. Rd3 Kf7 33. Bc3 Bxc3 34. Rxc3 Kg6 35. Kf3 Kxh6 36. Kxf4 Rxf2+ 37. Ke4 Kg5 38. Rg3+ Kf6 39. Rh3 Kg6 40. Rg3+ Kf7 41. Rh3 Kg7 42. b4 Rb2 43. b5 Kg6 44.
Rg3+ Kf6 45. Rg8 h5 46. Rd8 Ke7 47. Rb8 h4 48. Rb7+ Kf6 49. Rxb6 Ke7 50. Rb7+ Kf6 51. Rh7 Kg5 52. Rh8 Kg4 53. Rg8+ Kh3 54. Rg6 Rc2 55. Kd4 Kh2 56. Rxd6 1-0

[Event "Early-Titled-Tuesday-Blitz-December-26-2023"]
[Site "Chess.com"]
[Date "2023.12.26"]
[Round "3"]
[White "a-z30"]
[Black "GoValya"]
[Result "0-1"]
[WhiteElo "2488"]
[BlackElo "2285"]
[TimeControl "180+1"]
[EndTime "8:27:37 PST"]
[Termination "GoValya won on time"]

1. d3 g6 2. Nf3 Bg7 3. g3 c5 4. Bg2 Nc6 5. O-O d5 6. c4 d4 7. a3 Nf6 8. e3 O-O 9. exd4 cxd4 10. b4 Bg4 11. h3 Bxf3 12. Qxf3 e5 13. Bg5 h6 14.
Bxf6 Bxf6 15. Nd2 Bg7 16. c5 f5 17. Nc4 Qe7 18. Nd6 e4 19. dxe4 Ne5 20. Qb3+ Kh7 21. exf5 gxf5 22. f4 Nc6 23. Rae1 Qd7 24. Qe6 Qxe6 25.
Rxe6 d3 26. Rd1 Bd4+ 27. Kf1 Rg8 28. Nxb7 Rxg3 29. Rxc6 Rag8 30. Rd2 Rf3+ 31. Ke1 Re8+ 32. Kd1 Rfe3 33. Rc7+ Kh8 34. Rf2 Bc3 35. Rf1 Re1+ 0-1

[Event "Early-Titled-Tuesday-Blitz-December-26-2023"]
[Site "Chess.com"]
[Date "2023.12.26"]
[Round "3"]
[White "Durarbayli"]
[Black "DTChess"]
[Result "1-0"]
[WhiteElo "2868"]
[BlackElo "2668"]
[TimeControl "180+1"]
[EndTime "8:27:38 PST"]
[Termination "Durarbayli won by resignation"]

1. c4 Nf6 2. Nc3 g6 3. g3 Bg7 4. Bg2 O-O 5. d4 d6 6. Nf3 Nbd7 7. O-O c5 8. d5 a6 9. a4 b6 10. Qc2 Bb7 11. b3 Ne8 12. Bb2 Nc7 13. Nd2 Ra7 14. Nce4 f6 15. h4 Qe8 16. f4 f5 17. Ng5 e5 18. dxe6 Nxe6 19. Bxg7 Kxg7 20. e4 Nd4 21. Qb2 Nf6 22. Rae1 fxe4 23. Bxe4 Nxe4 24. Ndxe4 Bxe4 25. Rxe4 Re7 26. Rfe1 Rxe4 27. Rxe4 Qd7 28. Ne6+ Kg8 29. Nxf8 Kxf8 30. Rxd4 cxd4 31. Qxd4 Kg8 32. Qxb6 Qe6 33.
Kf2 Qf6 34. Qe3 Qb2+ 35. Kf3 Kf7 36. Qd3 Qf6 37. Qd5+ Kg7 38. Qd3 Qb2 39. a5 h5 40.
f5 gxf5 41. Qe3 Kf7 42. Qd3 Qe5 43. Qd5+ Qxd5+ 44. cxd5 Kf6 45. Kf4 1-0

[Event "Early-Titled-Tuesday-Blitz-December-26-2023"]
[Site "Chess.com"]
[Date "2023.12.26"]
[Round "3"]
[White "RebecaJimnz"]
[Black "aksuliini1"]
[Result "0-1"]
[WhiteElo "2254"]
[BlackElo "2492"]
[TimeControl "180+1"]
[EndTime "8:27:41 PST"]
[Termination "aksuliini1 won by checkmate"]

1. e4 c5 2. Nc3 d6 3. g3 g6 4. Bg2 Bg7 5. d3 Nc6 6. Be3 Nf6 7. h3 O-O 8. Qd2 Rb8 9. Bh6 b5 10. Bxg7 Kxg7 11. f4 Nd4 12. Nce2 e5 13. c3 Nxe2 14. Nxe2 Bb7 15. O-O c4 16. g4 Qb6+ 17. Kh1 cxd3 18.
Qxd3 d5 19. exd5 e4 20. Qd4 Qxd4 21. Nxd4 Bxd5 22. f5 g5 23. Rfe1 h5 24. Kg1 hxg4 25.
hxg4 Rfe8 26. Re3 b4 27. cxb4 Rxb4 28. Rd1 Rxb2 29. a4 Ra2 30. Nb5 Rc8 31. Nd6 Rcc2 32. Bxe4 Nxe4 33. Nxe4 Rg2+ 34. Kf1 Bc4+ 35. Ke1 Rg1# 0-1

[Event "Early-Titled-Tuesday-Blitz-December-26-2023"]
[Site "Chess.com"]
[Date "2023.12.26"]
[Round "3"]
[White "suyu28"]
[Black "tetrix83"]
[Result "1-0"]
[WhiteElo "2794"]
[BlackElo "2566"]
[TimeControl "180+1"]
[EndTime "8:27:42 PST"]
[Termination "suyu28 won on time"]

1. d4 Nf6 2. Bf4 c5 3. d5 d6 4. Nc3 a6 5. a4 e5 6. Bd2 Bf5 7. e3 g6 8. Nge2 h5 9. h4 e4 10. Ng3 Bg4 11. Be2 Bxe2 12. Qxe2 Qe7 13. Qc4 Bg7 14. Ngxe4 Nbd7 15. Nxf6+ Nxf6 16. a5 O-O 17. e4 Rab8 18. Bg5 b5 19. axb6 Rxb6 20. O-O Rxb2 21. Rxa6 Rxc2 22. Qb3 Rxc3 23. Qxc3 Qb7 24. Bxf6 Bxf6 25.
Qc4 Qe7 26. g3 Rb8 27. Kg2 Rb2 28. Re1 Bd4 29. Re2 Rb4 30. Ra8+ Kg7 31. Qa6 c4 32. Qc8 Kh6 33. e5 Bxe5 34. f4 Rb2 35. Qxc4 Qb7 36. Ra2 Rb4 37. Qc6 Bd4 38. Rac2 1-0

[Event "Early-Titled-Tuesday-Blitz-December-26-2023"]
[Site "Chess.com"]
[Date "2023.12.26"]
[Round "3"]
[White "UK_23"]
[Black "rquery98"]
[Result "0-1"]
[WhiteElo "2334"]
[BlackElo "2742"]
[TimeControl "180+1"]
[EndTime "8:27:43 PST"]
[Termination "rquery98 won by resignation"]

1. e4 e5 2. Nf3 Nc6 3. d4 exd4 4. Nxd4 Nf6 5. Nxc6 bxc6 6. Bd3 d5 7. exd5 cxd5 8.
Nd2 Be7 9. O-O O-O 10. c4 Bg4 11. Qc2 c6 12. b3 h5 13. Bb2 h4 14. h3 Be6 15.
Rfe1 Qd7 16. Nf3 Nh5 17. Rad1 Nf4 18. Bf1 Ng6 19. Nd4 Nf4 20. Nxe6 Nxe6 21. cxd5 cxd5 22. Bc4 Nf4 23. Be5 Ng6 24. Rxd5 Qb7 25. Bh2 Qb6 26. Red1 Qf6 27. Rf5 Qb6 28. Qe4 Rae8 29. Qg4 Bc5 30.
Rxc5 Qxc5 31. Bd6 Qc6 32. Bxf8 Kxf8 33. Qh5 Qf6 34. Qc5+ Kg8 35. a4 Nf4 36. Qc7 Rf8 37. Qd6 Qg5 38. Bf1 Nxh3+ 39. Kh2 Nxf2 40. Rd5 Ng4+ 41.
Kg1 Qe3+ 42. Kh1 Qf2 43. Bc4 Qe1+ 0-1

[Event "Early-Titled-Tuesday-Blitz-December-26-2023"]
[Site "Chess.com"]
[Date "2023.12.26"]
[Round "3"]
[White "Kacparov"]
[Black "Alex_Sahakyan2006"]
[Result "1-0"]
[WhiteElo "2958"]
[BlackElo "2715"]
[TimeControl "180+1"]
[EndTime "8:27:46 PST"]
[Termination "Kacparov won on time"]

1. e4 c5 2. Nf3 d6 3. d4 cxd4 4. Nxd4 Nf6 5. f3 e5 6. Nb3 d5 7.
Bg5 Be6 8. Bxf6 gxf6 9. exd5 Qxd5 10. Qxd5 Bxd5 11. Nc3 Bc6 12. O-O-O Nd7 13. Na5 O-O-O 14. Nxc6 bxc6 15. Bc4 Bh6+ 16. Kb1 Rhf8 17. Ne4 Kc7 18. g4 Bf4 19. Bb3 a5 20. h4 h6 21. a3 Be3 22. Rd3 Bd4 23. Rd2 Nc5 24. Rxd4 Rxd4 25. Nxc5 Rf4 26. Rh3 Kd6 27. Ne4+ Ke7 28. c3 f5 29.
gxf5 Rxf5 30. Bc2 Rf4 31. Kc1 Rg8 32. b4 axb4 33. cxb4 Rg2 34. Kd1 f5 35. Nc5 Rd4+ 36. Bd3 Ra2 37. Kc1 Rxa3 38. Bxf5 Rxb4 39. Ne4 Ra2 40.
Rg3 Rh2 41. Rg7+ Kf8 42. Rc7 Rc4+ 43. Kd1 Rd4+ 44. Ke1 Ra4 45. Nc3 1-0

[Event "Early-Titled-Tuesday-Blitz-December-26-2023"]
[Site "Chess.com"]
[Date "2023.12.26"]
[Round "3"]
[White "Karacsonyi_Gellert"]
[Black "BogdanDeac"]
[Result "0-1"]
[WhiteElo "2734"]
[BlackElo "3007"]
[TimeControl "180+1"]
[EndTime "8:27:49 PST"]
[Termination "BogdanDeac won by resignation"]

1. e4 c5 2. Nf3 e6 3. d4 cxd4 4. Nxd4 a6 5. c4 Nf6 6. Nc3 Bb4 7. Qd3 Qc7 8. Be2 Nc6 9. Nxc6 dxc6 10. O-O O-O 11. f3 Bc5+ 12. Kh1 Rd8 13. Qc2 Bd4 14. b3 e5 15. Bb2 Nh5 16. Rfd1 Qd6 17. g4 Nf4 18.
Na4 h5 19. g5 Qe7 20. Bxd4 exd4 21. Bd3 Qxg5 22. Rg1 Qe5 23. c5 Be6 24. Rad1 Qf6 25. Qd2 Nh3 26. Qg2 g6 27. Qg3 h4 28. Qg2 Nxg1 29.
Rxg1 Qf4 30. Nb6 Rab8 31. e5 Kh8 32. Qf2 Rg8 33. Nc4 Bd5 34. Nd2 g5 35. Rg4 Qxg4 36. Be4 Qf4 37. Bxd5 cxd5 38. h3 Qe3 0-1

[Event "Early-Titled-Tuesday-Blitz-December-26-2023"]
[Site "Chess.com"]
[Date "2023.12.26"]
[Round "3"]
[White "wqws"]
[Black "GMWSO"]
[Result "0-1"]
[WhiteElo "2744"]
[BlackElo "3035"]
[TimeControl "180+1"]
[EndTime "8:27:50 PST"]
[Termination "GMWSO won by resignation"]

1. e4 e6 2. d4 d5 3. Nc3 Nf6 4. Bg5 dxe4 5. Nxe4 Be7 6. Bxf6 gxf6 7. Nf3 f5 8. Nc3 a6 9. d5 b5 10. Qd4 Bf6 11. Qc5 Qd6 12. Qxd6 cxd6 13. O-O-O Ke7 14. dxe6 fxe6 15. Bd3 Nd7 16. Rhe1 Ne5 17. Nxe5 dxe5 18. f3 Bb7 19. a3 Rhg8 20. Bf1 Rad8 21. Rxd8 Rxd8 22.
Bd3 h5 23. Nd1 h4 24. h3 Bg5+ 25. Kb1 Bf4 26. Nc3 Kf6 27. Ka2 Bd2 28. Re2 Bxc3 29. bxc3 Bd5+ 30. Kb2 Rc8 31. Re1 Rg8 32. Re2 Rc8 33.
Re1 Rc5 34. a4 bxa4 35. Ra1 Bc6 36. Bxa6 e4 37. fxe4 Bxe4 38. Bf1 Bc6 39. c4 f4 40. Kc3 Rg5 41. Kb4 Bxg2 42. Bd3 e5 43. Rxa4 e4 44.
Ra6+ Kf7 45. Ra7+ Kg6 46. Ra6+ Kg7 47. Ra7+ Kh6 48. Ra6+ Rg6 49. Rxg6+ Kxg6 50. Be2 f3 51. Bd1 f2 52. Be2 Bf3 53. Bf1 e3 54. c5 e2 55. Bxe2 Bxe2 56. c6 f1=Q 0-1

[Event "Early-Titled-Tuesday-Blitz-December-26-2023"]
[Site "Chess.com"]
[Date "2023.12.26"]
[Round "3"]
[White "NoHeThTo"]
[Black "AjedrezInteligente"]
[Result "0-1"]
[WhiteElo "2665"]
[BlackElo "2521"]
[TimeControl "180+1"]
[EndTime "8:27:50 PST"]
[Termination "AjedrezInteligente won by resignation"]

1. d4 Nf6 2. Nc3 d5 3. Bf4 c6 4. e3 Bf5 5. f3 e6 6. g4 Bg6 7. h4 h5 8. g5 Nfd7 9. Bd3 Bxd3 10. Qxd3 g6 11. Nge2 Qe7 12. e4 Bg7 13. O-O-O O-O 14. Ng3 dxe4 15. fxe4 e5 16. dxe5 Nxe5 17. Qe2 Nbd7 18. Rhf1 Nb6 19. Be3 Rad8 20. Rxd8 Rxd8 21. Rd1 Nec4 22. Bxb6 Rxd1+ 23. Qxd1 Bxc3 24. Bd4 Nxb2 25. Qg1 Qa3 26. Bxc3 Nc4+ 27. Kd1 Qxc3 28. Qf2 Ne3+ 29. Kc1 Nc4 30. Kd1 a5 31. Nf1 Nb2+ 32. Ke2 Qxc2+ 33.
Kf3 Qxf2+ 34. Kxf2 Nd3+ 35. Ke3 Nb4 36. a4 b5 37.
axb5 cxb5 38. Kd4 Na6 39. Ne3 Kf8 40. Nd5 a4 41. Nc3 a3 42. Na2 b4 43. Kc4 Ke7 44. Nc1 Ke6 45. Kb3 Ke5 46. Nd3+ Kxe4 47. Nc1 Kf4 48.
Nd3+ Kg4 49. Ne5+ Kxh4 50. Nxf7 Nc5+ 51. Ka2 Ne4 52. Kb3 Nc3 53. Kc2 a2 54. Kb2 b3 55.
Ka1 Nd5 56. Ne5 Kxg5 57. Nf3+ Kf4 58. Nd4 Ne3 59. Ne6+ Kg4 60. Kb2 Nc2 0-1

[Event "Early-Titled-Tuesday-Blitz-December-26-2023"]
[Site "Chess.com"]
[Date "2023.12.26"]
[Round "3"]
[White "Mikhail_Golubev"]
[Black "thechesscorner64"]
[Result "1/2-1/2"]
[WhiteElo "2614"]
[BlackElo "2437"]
[TimeControl "180+1"]
[EndTime "8:27:52 PST"]
[Termination "Game drawn by repetition"]

1. e4 c5 2. Nf3 e6 3. d4 cxd4 4.
Nxd4 a6 5. Bd3 Nc6 6. Nxc6 dxc6 7. Nd2 e5 8. Nc4 Nf6 9. O-O Qc7 10.
f4 Bc5+ 11. Kh1 Ng4 12. fxe5 Be6 13. Bf4 O-O-O 14. Qe2 Bxc4 15. Qxg4+ Be6 16. Qxg7 Rhg8 17. Qh6 Rg6 18. Qh4 Rdg8 19. Bg3 Be7 20. Qf4 h5 21. Rg1 h4 22. Bf2 Bg5 23. Qf3 Qxe5 24. Be3 Bxe3 25.
Qxe3 h3 26. gxh3 f5 27. Rxg6 Rxg6 28. Re1 f4 29. Qf3 Rh6 30. b3 Rxh3 31. Qf2 f3 32. Rg1 Qh5 33. a4 Rh4 34. Rg3 Bg4 35. a5 Rh3 36. b4 Rxg3 37. Qxg3 Qg5 38. Kg1 Qc1+ 39. Kf2 Qd2+ 40. Kf1 Qc1+ 41. Qe1 Qf4 42.
Qg3 Qc1+ 43. Qe1 Qf4 44. Qg3 Qc1+ 1/2-1/2

[Event "Early-Titled-Tuesday-Blitz-December-26-2023"]
[Site "Chess.com"]
[Date "2023.12.26"]
[Round "3"]
[White "Elsa167"]
[Black "Witik"]
[Result "1-0"]
[WhiteElo "2993"]
[BlackElo "2728"]
[TimeControl "180+1"]
[EndTime "8:27:55 PST"]
[Termination "Elsa167 won by checkmate"]

1. d4 Nf6 2. c4 e6 3. Nf3 b6 4.
Bf4 Bb7 5. e3 Nh5 6. Bg5 Be7 7.
Bxe7 Qxe7 8. Nc3 Nf6 9. Be2 d6 10. O-O O-O 11. b4 Nbd7 12. a3 c5 13. Qb3 Rfd8 14.
Rfd1 Rab8 15. Rd2 e5 16. dxc5 dxc5 17. Rad1 e4 18. Ng5 h6 19. Nh3 g5 20. Nd5 Bxd5 21. cxd5 Qd6 22. Qa4 Ne5 23. bxc5 bxc5 24. Kh1 c4 25.
Bxc4 Neg4 26. g3 Rdc8 27. Be2 Rc3 28. Bxg4 Nxg4 29. Qxe4 Nf6 30. Qf5 Rxa3 31. e4 Nd7 32. f4 Nf8 33. fxg5 Re3 34. gxh6 Qxh6 35. Nf4 Rbb3 36.
Nh5 Rf3 37. Qg4+ Ng6 38. d6 Rfe3 39. d7 Rb8 40. d8=Q+ Rxd8 41. Rxd8+ Kh7 42. Nf6+ Kg7 43. Rg8+ Kxf6 44. Qf5+ Ke7 45. Rd7# 1-0

[Event "Early-Titled-Tuesday-Blitz-December-26-2023"]
[Site "Chess.com"]
[Date "2023.12.26"]
[Round "3"]
[White "rikchessmx"]
[Black "SCIM"]
[Result "0-1"]
[WhiteElo "2213"]
[BlackElo "2500"]
[TimeControl "180+1"]
[EndTime "8:27:57 PST"]
[Termination "SCIM won on time"]

1. e4 e6 2. d4 d5 3. Nc3 Bb4 4. e5 c5 5. a3 Bxc3+ 6. bxc3 Ne7 7. Qg4 Qc7 8. Qxg7 Rg8 9. Qxh7 cxd4 10. Ne2 dxc3 11. f4 Nbc6 12. Be3 Bd7 13. Qd3 O-O-O 14. Qxc3 Kb8 15. Nd4 Nxd4 16. Qxc7+ Kxc7 17. Bxd4 b6 18.
g3 Nf5 19. c3 Kb7 20. Bd3 Nh6 21. O-O Rc8 22. a4 Rc6 23. a5 Rgc8 24. axb6 axb6 25. Ba6+ Kc7 26. Bxc8 Kxc8 27. Ra8+ Kb7 28. Rf8 Rc7 29. Rb1 b5 30. Kg2 Rc4 31. h4 Ra4 32.
Kf3 Ra2 33. g4 f5 34. exf6 e5 35. Bxe5 Bxg4+ 36. Kg3 Bd7 37. f7 Nf5+ 38. Kf3 Nxh4+ 39. Ke3 Nf5+ 40. Kd3 Kc6 41. Rb8 Ng3 42. f8=Q Bf5+ 43.
Qxf5 Nxf5 0-1

[Event "Early-Titled-Tuesday-Blitz-December-26-2023"]
[Site "Chess.com"]
[Date "2023.12.26"]
[Round "3"]
[White "Manukyan_Artak"]
[Black "RamyresCoelho"]
[Result "1/2-1/2"]
[WhiteElo "2613"]
[BlackElo "2299"]
[TimeControl "180+1"]
[EndTime "8:27:57 PST"]
[Termination "Game drawn by repetition"]

1. e4 c5 2. Nf3 d6 3. Bb5+ Nd7 4.
O-O a6 5. Bd3 Ngf6 6. c3 e6 7.
a4 Be7 8. Bc2 O-O 9. d4 cxd4 10.
cxd4 b6 11. Nc3 Bb7 12. e5 Nd5 13. Ne4 dxe5 14. dxe5 Rc8 15. Bb1 Qc7 16. Bg5 Nxe5 17. Bxe7 Nxe7 18. Nxe5 Qxe5 19. Qd6 Ng6 20. Qxe5 Nxe5 21.
Nd6 Rc7 22. Re1 Ng6 23. Bxg6 hxg6 24. Nxb7 Rxb7 25. Red1 Rc8 26. h3 Rc2 27. Rab1 Rbc7 28. Rd6 R7c6 29. Rxc6 Rxc6 30. b4 Rc2 31. b5 a5 32. Rd1 Rc4 33. Rd6 Rxa4 34. Rxb6 Ra1+ 35. Kh2 Ra2 36. Kg3 Rb2 37. Rb8+ Kh7 38. f3 a4 39. Ra8 Rxb5 40. Rxa4 g5 41. Rc4 Kg6 42. Ra4 f5 43. Rc4 Kh5 44. Rc8 f4+ 45. Kh2 Rb2 46. Rc6 Re2 47. Kg1 Kh4 48. Kh2 e5 49. Re6 Kh5 50.
Kg1 Kh4 51. Kh2 Kh5 52. Kg1 Kh4 53. Kh2 1/2-1/2

[Event "Early-Titled-Tuesday-Blitz-December-26-2023"]
[Site "Chess.com"]
[Date "2023.12.26"]
[Round "3"]
[White "nekotyanof"]
[Black "AlexanderL"]
[Result "0-1"]
[WhiteElo "2631"]
[BlackElo "2855"]
[TimeControl "180+1"]
[EndTime "8:28:02 PST"]
[Termination "AlexanderL won by resignation"]

1. e4 e6 2. d4 d5 3. Nd2 Nf6 4. e5 Nfd7 5. Ngf3 c5 6. c3 Nc6 7. Bd3 Qb6 8. O-O a5 9. Qa4 cxd4 10. cxd4 Qb4 11. Bb5 Qxa4 12. Bxa4 Nb6 13. Bb5 Bd7 14. a3 a4 15. Rd1 Na5 16. Bxd7+ Kxd7 17. Rb1 Nbc4 18. b4 axb3 19. Nxb3 Nxb3 20. Rxb3 b6 21. Ng5 Ke8 22. Rf3 Ra7 23. Rdd3 h6 24. Nh3 Be7 25.
g3 g5 26. g4 Rf8 27. Kg2 Kd7 28. Ng1 f6 29. exf6 Rxf6 30. Rxf6 Bxf6 31. Ne2 Be7 32. h4 Bxa3 33. hxg5 Bxc1 34. Nxc1 hxg5 35. Rh3 Kd6 36. Rh5 Rg7 37. Nd3 b5 38. Kg3 Nd2 39. f3 Nb3 40. Rh8 Nxd4 41. Rd8+ Kc7 42. Rf8 Nc6 43. f4 gxf4+ 44.
Kxf4 Kd6 45. g5 e5+ 46. Kg4 e4 47. Rf6+ Kc7 48. Nc5 Re7 49. g6 e3 50. Rf7 Ne5+ 51. Kf5 Nxf7 52. Kf6 Ne5 53. Kxe7 Nxg6+ 54. Ke6 e2 55.
Nd3 Nf4+ 56. Nxf4 0-1

[Event "Early-Titled-Tuesday-Blitz-December-26-2023"]
[Site "Chess.com"]
[Date "2023.12.26"]
[Round "3"]
[White "Cheer_Down"]
[Black "PabloZarnicki"]
[Result "1-0"]
[WhiteElo "2502"]
[BlackElo "2647"]
[TimeControl "180+1"]
[EndTime "8:28:02 PST"]
[Termination "Cheer_Down won on time"]

1. d4 Nf6 2. Nf3 g6 3. Bf4 Bg7 4. Nc3 d5 5. Nb5 Na6 6. e3 O-O 7. Be2 c5 8. c3 Bg4 9. O-O Qb6 10. a4 Bxf3 11. Bxf3 e6 12. Qe2 Rfd8 13. Rfb1 Ne8 14. b4 c4 15. e4 Nac7 16. Nxc7 Nxc7 17. a5 Qc6 18. Bxc7 Qxc7 19. exd5 exd5 20. Re1 Qd7 21. Bg4 f5 22. Bf3 Kf8 23. Qd2 Qd6 24.
g3 Re8 25. h4 Rxe1+ 26. Rxe1 Re8 27. Kg2 Re6 28. Rxe6 Qxe6 29. Qf4 Bf6 30. Qb8+ Kg7 31. Qxb7+ Kh6 32. Qxd5 Qe1 33. Qxc4 f4 34. Qd3 fxg3 35.
fxg3 Qe7 36. Kf2 Kg7 37. Qe4 Qc7 38. Qb7 Qxb7 39. Bxb7 g5 40. hxg5 Bxg5 41. Ke2 h5 42.
Bf3 h4 43. gxh4 Bxh4 44. Kd3 Kf6 45. c4 Be1 46. b5 Bxa5 47. c5 Ke7 48. Kc4 Kd8 49.
d5 Bd2 50. d6 Bf4 51. Kd5 Bg3 52. c6 1-0

[Event "Early-Titled-Tuesday-Blitz-December-26-2023"]
[Site "Chess.com"]
[Date "2023.12.26"]
[Round "3"]
[White "GMJustin"]
[Black "tantaan"]
[Result "0-1"]
[WhiteElo "2242"]
[BlackElo "2470"]
[TimeControl "180+1"]
[EndTime "8:28:07 PST"]
[Termination "tantaan won on time"]

1. e4 c5 2. Nf3 e6 3. d4 cxd4 4. Nxd4 Nf6 5. Nc3 Nc6 6. Qd3 Bb4 7. Nxc6 bxc6 8. e5 Nd5 9. Bd2 Qa5 10. Ne4 Nf4 11. Qd6 Bxd2+ 12. Nxd2 Ng6 13. O-O-O Qxe5 14.
Qa3 d5 15. Nf3 Qf4+ 16. Kb1 Rb8 17. Qxa7 O-O 18. h4 Qb4 19. Qd4 Qxd4 20. Nxd4 c5 21. Nf3 Rb6 22. h5 Ne7 23. c4 Ba6 24. cxd5 Bxf1 25.
Rhxf1 exd5 26. Rfe1 Rb7 27. Re5 f6 28. Re6 Kf7 29. Rd6 Rfb8 30. Rd2 c4 31. Kc1 Rb6 32. Rd7 Ke6 33. Ra7 R8b7 34. Re2+ Kd6 35. Rxb7 Rxb7 36. Nd4 Nc6 37. Nf5+ Kc5 38. h6 g6 39. Ng7 Ne5 40.
Ne6+ Kd6 41. Nd4 Nd3+ 42. Kb1 c3 43. b3 Kc5 44. Nc2 Nb4 45. Re6 Nxc2 46. Kxc2 d4 0-1

[Event "Early-Titled-Tuesday-Blitz-December-26-2023"]
[Site "Chess.com"]
[Date "2023.12.26"]
[Round "3"]
[White "Nechitaylo_Nikita"]
[Black "JAN2404"]
[Result "0-1"]
[WhiteElo "2292"]
[BlackElo "1958"]
[TimeControl "180+1"]
[EndTime "8:28:07 PST"]
[Termination "JAN2404 won on time"]

1. d4 Nf6 2. c4 g6 3. f3 Bg7 4. e4 d6 5. Be3 c5 6. dxc5 Qa5+ 7. Nc3 dxc5 8. Qd2 Nc6 9. Nd5 Nxd5 10. cxd5 Qxd2+ 11. Kxd2 Nd4 12. Rc1 b6 13. b3 a5 14.
Ne2 a4 15. Nxd4 cxd4 16. Bf2 axb3 17. axb3 Bh6+ 18. Kc2 Bxc1 19. Bxd4 O-O 20. Kxc1 Ba6 21. Kb2 Bxf1 22. Rxf1 b5 23. Bc5 Rfe8 24. e5 f6 25. e6 Red8 26. Rd1 Kf8 27. g4 Ra6 28. f4 Rda8 29. Kc3 Ra2 30. d6 exd6 31. Rxd6 Ke8 32. e7 Rc8 33. Kb4 Rc2 34. Rd8+ Rxd8 35. exd8=Q+ Kxd8 36. Kxb5 Kd7 37. Bg1 Rg2 38. Bd4 Rxg4 39. Bxf6 Rxf4 40.
Be5 Rf3 41. b4 Ke6 42. Bg3 Kd5 43. Kb6 Rc3 44. b5 h5 45. Ka7 Rb3 46. b6 Kc6 47. Bc7 g5 0-1

[Event "Early-Titled-Tuesday-Blitz-December-26-2023"]
[Site "Chess.com"]
[Date "2023.12.26"]
[Round "3"]
[White "Kirill_Klukin"]
[Black "kakarot_001"]
[Result "1-0"]
[WhiteElo "2840"]
[BlackElo "2662"]
[TimeControl "180+1"]
[EndTime "8:28:09 PST"]
[Termination "Kirill_Klukin won by checkmate"]

1. d4 d5 2. c4 c6 3. Nc3 Nf6 4. Nf3 dxc4 5. e3 b5 6. a4 b4 7. Na2 e6 8. Bxc4 Be7 9. O-O O-O 10. Qe2 Nbd7 11. Rd1 Qc7 12. Bd2 a5 13. Nc1 c5 14.
Nb3 Nb6 15. Bb5 c4 16. Rac1 Qb8 17. Nc5 Bb7 18. Nxb7 Qxb7 19. Ne5 Rac8 20. Nxc4 Nxc4 21. Bxc4 Qe4 22. f3 Qg6 23. Be1 Nd5 24. Bg3 Bg5 25.
f4 Be7 26. Qf3 Nb6 27. Bb5 Bf6 28. h3 h5 29. Bf2 h4 30. Bd3 Qh6 31. Rxc8 Nxc8 32.
Rc1 Nb6 33. Rc5 g6 34. Rxa5 Rc8 35. Rc5 Rxc5 36. dxc5 Nxa4 37. Qa8+ Qf8 38. Qxa4 Qxc5 39. Qc2 Qa5 40. b3 Qa1+ 41. Kh2 Kg7 42. Bc4 g5 43. Qe2 gxf4 44. Qg4+ Kf8 45. exf4 Qb2 46. Bxh4 Bd4 47. Qf3 Qa1 48. Bf2 Bf6 49. Bc5+ Kg7 50. Qg4+ Kh6 51. Bf8+ Kh7 52. Bd3+ Kh8 53. Bxb4 Bd4 54.
Qh5+ Kg7 55. Qg5+ Kh8 56. Qh6+ Kg8 57. Qh7# 1-0

[Event "Early-Titled-Tuesday-Blitz-December-26-2023"]
[Site "Chess.com"]
[Date "2023.12.26"]
[Round "3"]
[White "BeardedNM"]
[Black "Ducke13"]
[Result "0-1"]
[WhiteElo "2160"]
[BlackElo "2390"]
[TimeControl "180+1"]
[EndTime "8:28:10 PST"]
[Termination "Ducke13 won by resignation"]

1. e4 c5 2. Nf3 d6 3. d4 cxd4 4. Nxd4 Nf6 5. Nc3 a6 6. Be3 e5 7.
Nb3 Be7 8. f3 Be6 9. Qd2 h5 10.
Be2 a5 11. Nd5 Nxd5 12. exd5 Bf5 13. Rc1 a4 14. Na1 Bh4+ 15. g3 Be7 16. O-O Nd7 17. c4 Qa5 18. Nc2 Qxd2 19. Bxd2 Bd8 20. Kg2 Bb6 21. Be3 Bc5 22. Bxc5 Nxc5 23. Ne3 Bd7 24. f4 h4 25. g4 exf4 26. Rxf4 O-O 27. Nf5 Rae8 28.
Bf1 Bxf5 29. gxf5 Re4 30. Rxe4 Nxe4 31. Re1 Ng5 32. Re7 Rb8 33. Rd7 a3 34. b3 h3+ 35.
Kg3 Ne4+ 36. Kf4 Nc3 37. Rxd6 Nxa2 38. c5 Nb4 39. c6 bxc6 40. dxc6 Rc8 41. Bxh3 a2 42.
f6 Rxc6 43. Rd8+ Kh7 44. Bf5+ g6 45. Rg8 Rxf6 46. Kg5 Rxf5+ 47. Kg4 Kxg8 0-1

[Event "Early-Titled-Tuesday-Blitz-December-26-2023"]
[Site "Chess.com"]
[Date "2023.12.26"]
[Round "3"]
[White "C_K_G"]
[Black "rachidhuilda"]
[Result "1-0"]
[WhiteElo "2044"]
[BlackElo "2342"]
[TimeControl "180+1"]
[EndTime "8:28:11 PST"]
[Termination "C_K_G won by checkmate"]

1. e4 d5 2. exd5 Qxd5 3. Nc3 Qa5 4. d4 c6 5. Bc4 Nf6 6. h3 Bf5 7. Nf3 e6 8. O-O Nbd7 9. Re1 Be7 10. Bd2 Qc7 11. Bb3 h6 12. Qe2 O-O-O 13. a4 g5 14. Ne5 Nxe5 15. dxe5 Nd5 16. a5 Nxc3 17. Bxc3 Rhg8 18. Qe3 Kb8 19. a6 b6 20. Ra4 g4 21.
hxg4 Rxg4 22. Rxg4 Bxg4 23. Qxh6 Bf5 24. Qh5 Bc5 25.
Rd1 Rg8 26. Bd4 Be4 27. Bxc5 bxc5 28. g3 Rg7 29. Qh8+ Qc8 30. Qxg7 Kc7 31. Qxf7+ Kb6 32. Rd7 Qh8 33. f3 Qh3 34. fxe4 Qxg3+ 35. Kf1 Qh3+ 36.
Kf2 Qh2+ 37. Kf3 Qh3+ 38. Kf4 Qf1+ 39. Kg5 Qg1+ 40. Kf6 Qg4 41. Ke7 Qg5+ 42. Ke8 Qh4 43. Rb7+ Ka5 44. Qc7+ Kxa6 45. Qxc6+ Ka5 46. Qb5# 1-0

[Event "Early-Titled-Tuesday-Blitz-December-26-2023"]
[Site "Chess.com"]
[Date "2023.12.26"]
[Round "3"]
[White "ShahMatKanal"]
[Black "GAZZAN_3000"]
[Result "1-0"]
[WhiteElo "2523"]
[BlackElo "2684"]
[TimeControl "180+1"]
[EndTime "8:28:12 PST"]
[Termination "ShahMatKanal won by resignation"]

1. d4 Nf6 2. c4 e6 3. a3 c6 4.
Nc3 Be7 5. e4 d5 6. cxd5 exd5 7.
e5 Nfd7 8. Bd3 Nf8 9. f4 Ne6 10. Nf3 c5 11. O-O Nxd4 12. Nxd4 cxd4 13. Ne2 Nc6 14.
b4 Qb6 15. Bb2 a6 16. Kh1 Bg4 17. Qd2 O-O-O 18. Ng3 g6 19. Ne2 Kb8 20. h3 Bxe2 21. Qxe2 Na7 22. Qf2 Nc6 23. Rac1 f6 24. Qg3 Ka8 25.
Rc2 Rhe8 26. Re1 fxe5 27. fxe5 Bf8 28. Rce2 Bg7 29. e6 Re7 30. Bc1 Qc7 31. Bf4 Qc8 32.
Bg5 Rde8 33. Bxe7 Rxe7 34. Qd6 Bf8 35. b5 axb5 36. Bxb5 Na7 37. a4 Qb8 38. Qxb8+ Kxb8 39. Bd7 Kc7 40. Rf1 Bg7 41. Rc2+ Nc6 42. g4 Kd6 43. Rb1 d3 44. Rd2 Ne5 45. Rxb7 Bh6 46. Rd1 d2 47. a5 Nc4 48. a6 Be3 49. a7 Nb6 50. Rxb6+ Bxb6 51. a8=Q 1-0

[Event "Early-Titled-Tuesday-Blitz-December-26-2023"]
[Site "Chess.com"]
[Date "2023.12.26"]
[Round "3"]
[White "The_Straightforward_Rook"]
[Black "MightyGMpretender"]
[Result "1-0"]
[WhiteElo "2528"]
[BlackElo "2724"]
[TimeControl "180+1"]
[EndTime "8:28:14 PST"]
[Termination "The_Straightforward_Rook won by checkmate"]

1. e4 c5 2. c3 g6 3. d4 b6 4. Nf3 Bg7 5. Bd3 Nf6 6. O-O O-O 7. Re1 d6 8. a4 Bb7 9. Nbd2 Nc6 10. d5 Nb8 11. Nc4 Ba6 12. Ra3 Nbd7 13. Bg5 Qc7 14. h3 Rfe8 15. Ne3 Bxd3 16. Qxd3 Nh5 17. Ng4 a6 18. Nh6+ Kf8 19. g4 Nhf6 20. Bf4 Ng8 21. Nxf7 h6 22. e5 g5 23. exd6 Qb7 24. dxe7+ Kxf7 25. Bxg5 Ngf6 26. c4 Qc7 27. Qf5 hxg5 28. Qe6+ Kg6 29. Qf5+ Kf7 30. Nxg5+ Kg8 31. Qe6+ Kh8 32.
Nf7+ Kg8 33. Ne5+ Kh7 34. Qf5+ Kh8 35. d6 Qb7 36. Ng6+ Kg8 37. g5 Nh5 38. Qe6+ Kh7 39. Nh4 Nf4 40. Qf5+ Kg8 41. Qxf4 Nf8 42. exf8=Q+ Rxf8 43. Qe4 Rae8 44. Qxb7 Rxe1+ 45. Kg2 Bd4 46. Qd5+ Kh8 47.
d7 Rxf2+ 48. Kg3 Rg1+ 49. Ng2 Be5+ 50. Qxe5+ Kg8 51. Qd5+ Kh7 52. d8=Q Rgxg2+ 53. Qxg2 Rf7 54. Qe4+ Kg7 55. Qf6+ Rxf6 56. gxf6+ Kh6 57. Rf3 b5 58.
Qg4 b4 59. Rf5 b3 60. Rh5# 1-0